 Dungeon Crawl Stone Soup version 0.21.1-1-g345015f (webtiles) character file.

48 Monsterracer the Magician (level 3, 6/19 HPs)
             Began as a Deep Elf Wizard on May 10, 2018.
             Quit the game on level 2 of the Dungeon.
             The game lasted 00:01:16 (1163 turns).

Monsterracer the Magician (Deep Elf Wizard)         Turns: 1163, Time: 00:01:17

Health: 6/19       AC:  2    Str:  4    XL:     3   Next: 50%
Magic:  5/10       EV: 13    Int: 23    God:
Gold:   61         SH:  0    Dex: 13    Spells: 2/10 levels left

rFire    . . .     SeeInvis .   f - +0 short sword
rCold    . . .     Gourm    .   (no shield)
rNeg     . . .     Faith    .   a - +0 robe
rPois    .         Spirit   .   b - +0 hat
rElec    .         Reflect  .   (no cloak)
rCorr    .         Harm     .   (no gloves)
MR       .....                  (no boots)
Stlth    ++........             (no amulet)
HPRegen  0.06/turn              (no ring)
MPRegen  0.12/turn              (no ring)

@: lethally poisoned (6 -> -5)
A: no striking features
a: no special abilities


You were on level 2 of the Dungeon.
You were not hungry.

You visited 1 branch of the dungeon, and saw 2 of its levels.

You collected 61 gold pieces.

Inventory:

Hand Weapons
 f - a +0 short sword (weapon)
Armour
 a - a +0 robe (worn)
 b - a +0 hat (worn)
Scrolls
 g - a scroll of remove curse
 h - a scroll of teleportation
Books
 d - a book of Minor Magic

   Spells                             Type                      Level
   a - Magic Dart                     Conjuration                  1
   b - Blink                          Translocation                2
   c - Call Imp                       Summoning                    2
   d - Slow                           Hexes                        2
   e - Conjure Flame                  Conjuration/Fire             3
   f - Mephitic Cloud                 Conjuration/Poison/Air       3
Comestibles
 c - a ration


   Skills:
 - Level 2.4 Dodging
 - Level 2.4 Stealth
 - Level 4.4 Spellcasting
 + Level 3.8 Conjurations
   Level 1.1 Summonings
 - Level 1.1 Translocations


You had 2 spell levels left.
You knew the following spells:

 Your Spells              Type           Power        Failure   Level  Hunger
a - Magic Dart            Conj           ###.         1%          1    None
b - Slow                  Hex            #.......     16%         2    None
c - Mephitic Cloud        Conj/Pois/Air  ##......     19%         3    ##.....
e - Blink                 Tloc           N/A          10%         2    None


Dungeon Overview and Level Annotations

Branches:
Dungeon (2/15)

Altars:


Message History

Wear which item? (? for menu, Esc to quit)
Okay, then.
Memorise Blink, consuming 2 spell levels and leaving 7?
You start memorising the spell.
You continue memorising. x2
You finish memorising.
Spell assigned to 'e'.
Memorise Slow, consuming 2 spell levels and leaving 5?
You start memorising the spell.
You continue memorising. x2
You finish memorising.
Spell assigned to 'b'.
Memorise Mephitic Cloud, consuming 3 spell levels and leaving 2?
Okay, then.
Memorise Mephitic Cloud, consuming 3 spell levels and leaving 2?
You start memorising the spell.
You continue memorising. x3
You finish memorising.
Spell assigned to 'c'.
Casting: Magic Dart
Confirm with . or Enter, or press ? or * to list all spells.
Okay, then.
As you read the scroll labeled ICILAV XITIKIA, it crumbles to dust.
You feel blessed for a moment.
It was a scroll of remove curse.
As you read the scroll labeled ZOILIS OCLO, it crumbles to dust.
It is a scroll of identify.
h - a scroll of teleportation HP restored.
You are feeling hungry.
Health restored: 19 You regained 4 mp, and now have 7/10 mp.
You start resting.
Magic restored.
MP restored: 10 You climb downwards.
The adder closely misses you. The frilled lizard closely misses you.
The adder bites you.
You are poisoned.
The adder poisons you!
There is a stone staircase leading up here.
You see here a stone.
You take 1 damage, and have 18/19 hp.
There are monsters nearby!
Casting: Magic Dart
Confirm with . or Enter, or press ? or * to list all spells.
Aiming: Magic Dart
Press: ? - help, Shift-Dir - straight line, f - adder
Aim: an adder The magic dart hits the adder.
The adder is moderately wounded.
You feel sick. The adder barely misses you.
The frilled lizard completely misses you.
You take 1 damage, and have 17/19 hp.
You now have 9/10 mp.
Casting: Magic Dart
Confirm with . or Enter, or press ? or * to list all spells.
Aiming: Magic Dart
Press: ? - help, Shift-Dir - straight line, f/p - adder
Aim: an adder (moderately wounded)
The magic dart hits the adder.
The adder is heavily wounded.
The adder barely misses you. The frilled lizard barely misses you.
You now have 8/10 mp.
Casting: Magic Dart
Confirm with . or Enter, or press ? or * to list all spells.
Aiming: Magic Dart
Press: ? - help, Shift-Dir - straight line, f/p - adder
Aim: an adder (heavily wounded)
The magic dart hits the adder.
The adder is almost dead.
The adder bites you.
You are more poisoned.
The adder poisons you!
The frilled lizard completely misses you.
The adder bites you.
* * * LOW HITPOINT WARNING * * *
You are more poisoned.
The adder poisons you!
You take 8 damage, and have 9/19 hp.
MASSIVE DAMAGE!!
You now have 7/10 mp.
Casting: Magic Dart
Confirm with . or Enter, or press ? or * to list all spells.
Aiming: Magic Dart
Press: ? - help, Shift-Dir - straight line, f/p - adder
Aim: an adder (almost dead)
The magic dart hits the adder.
You kill the adder!
* * * LOW HITPOINT WARNING * * *
You feel sick. The frilled lizard closely misses you.
You take 1 damage, and have 8/19 hp.
You now have 6/10 mp.
Casting: Magic Dart
Confirm with . or Enter, or press ? or * to list all spells.
Aiming: Magic Dart
Press: ? - help, Shift-Dir - straight line, f - frilled lizard
Aim: a frilled lizard The magic dart hits the frilled lizard.
You kill the frilled lizard!
* * * LOW HITPOINT WARNING * * *
You feel sick.
You take 1 damage, and have 7/19 hp.
You now have 5/10 mp.
Casting: Magic Dart
Confirm with . or Enter, or press ? or * to list all spells.
You can't see any susceptible monsters within range! (Use Z to cast anyway.)
You eat one of the 2 rations.
That ration really hit the spot!
* * * LOW HITPOINT WARNING * * *
You feel sick.
You take 1 damage, and have 6/19 hp.
You aren't carrying any potions.
Are you sure you want to abandon this character and quit the game? (Confirm with "yes".)

##########
##...##...##
##....†.....## #######
#.....@...†..# .......
#..........(.#
.......##..).........#
........(...........##
........##....##...##
...).......#########
.#.....#### .........#
..###......


There were no monsters in sight!

Vanquished Creatures
  2 adders
  2 leopard geckos (D:1)
  4 bats (D:1)
  A giant cockroach (D:1)
  3 hobgoblins
  4 frilled lizards
  6 goblins
  4 kobolds
  2 rats (D:1)
28 creatures vanquished.

Notes
Turn   | Place    | Note
-------+----------+-------------------------------------------
     0 | D:1      | Monsterracer the Deep Elf Wizard began the quest for the Orb.
     0 | D:1      | Reached XP level 1. HP: 10/10 MP: 7/7
   354 | D:1      | Reached XP level 2. HP: 15/15 MP: 5/9
  1073 | D:2      | Reached XP level 3. HP: 19/19 MP: 7/10
  1093 | D:1      | Learned a level 2 spell: Blink
  1096 | D:1      | Learned a level 2 spell: Slow
  1100 | D:1      | Learned a level 3 spell: Mephitic Cloud
  1159 | D:2      | HP: 9/19 [adder (5)]
  1163 | D:2      | Quit the game

Skill      XL: |  1  2 |
---------------+-------+-----
Conjurations   | 2 3 |  3.8
Dodging        | |  2.4
Stealth        | |  2.4
Spellcasting   | |  4.4
Summonings     | |  1.1
Translocations | |  1.1

Action                   || total
-------------------------++-------
 Cast: Magic Dart        ||    59
  Use: Scroll            ||     2
  Eat: Ration            ||     1
Armor: Robe              ||     2
Dodge: Dodged            ||    15

Vault maps used:
D:1:      lemuel_arrival_muddy, hangedman_decor_points
D:2:      chequers_ecumenical_altar_simple_redux
